TOP OF THE 1ST |
Naperville Battlekings batting - Pitching for Salt Lake City Buzz : LHP Carlos Barajas
|
Pitching: LHP Carlos Barajas
|
|
Batting: RHB Scott Peterson
|
0-0: Called Strike 0-1: Ball 1-1: Ball 2-1: Ball 3-1: Base on Balls
|
Batting: RHB Tony Sánchez
|
0-0: Called Strike 0-1: Foul Ball, location: 2F 0-2: Fly out, F8 (Flyball, 8LM)
|
Batting: RHB Pedro González
|
0-0: Foul Ball, location: 2F 0-1: Ball 1-1: Ball 2-1: Ball 3-1: Base on Balls Scott Peterson to second
|
Batting: RHB Sal Haynes
|
0-0: SINGLE (Groundball, 4MD) Scott Peterson to third Pedro González to second Runner from 3rd tries for Home, SAFE, no throw or cutoff
|
Batting: RHB Carlos Gómez
|
0-0: Grounds into double play, 5-4-3 (Groundball, 56)
|
Top of the 1st over - 1 run(s), 1 hit(s), 0 error(s), 1 left on base; Naperville 1 - Salt Lake City 0 |
BOTTOM OF THE 1ST |
Salt Lake City Buzz batting - Pitching for Naperville Battlekings : RHP William Peck
|
Pitching: RHP William Peck
|
|
Batting: RHB Roberto Ríos
|
0-0: Ball 1-0: SINGLE (Line Drive, 89M)
|
Batting: SHB Carlton Reed
|
0-0: Ball 1-0: Fly out, F7 (Flyball, 7M)
|
Batting: RHB Oliver Aranda
|
0-0: Ball 1-0: Ball 2-0: Ball 3-0: Base on Balls Roberto Ríos to second
|
Batting: RHB Miguel Vidro
|
0-0: Called Strike 0-1: Ball 1-1: Foul Ball, location: 2F 1-2: Strikes out swinging
|
Batting: RHB Ichiyo Fujii
|
0-0: Fly out, F3 (Popup, 9LS)
|
Bottom of the 1st over - 0 run(s), 1 hit(s), 0 error(s), 2 left on base; Naperville 1 - Salt Lake City 0 |
TOP OF THE 2ND |
Naperville Battlekings batting - Pitching for Salt Lake City Buzz : LHP Carlos Barajas
|
Batting: RHB Kevin Tyler
|
0-0: Called Strike 0-1: Foul Ball, location: 2F 0-2: Fly out, F9 (Flyball, 89M)
|
Batting: RHB Marcus Wade
|
0-0: Foul Ball, location: 2F 0-1: Hit by Pitch
|
Batting: RHB Tim Little
|
0-0: Ball 1-0: SINGLE (Groundball, 56D) (infield hit) Marcus Wade to second
|
Batting: LHB Alfonso Martínez
|
0-0: Called Strike 0-1: Foul Ball, location: 2F 0-2: Ball 1-2: Ball 2-2: Ball 3-2: SINGLE (Groundball, 34D) Marcus Wade to third Tim Little to second Runner from 3rd tries for Home, SAFE, throw made home Tim Little to third Alfonso Martínez to second
|
Batting: RHB Scott Peterson
|
0-0: Fly out, F8 (Flyball, 8RM) Runner from 3rd tags up, SCORES, throw made
|
Batting: RHB Tony Sánchez
|
0-0: Ball 1-0: Ball 2-0: Foul Ball, location: 2F 2-1: Ball 3-1: Called Strike 3-2: Fly out, F6 (Line Drive, 6)
|
Top of the 2nd over - 2 run(s), 2 hit(s), 0 error(s), 1 left on base; Naperville 3 - Salt Lake City 0 |
BOTTOM OF THE 2ND |
Salt Lake City Buzz batting - Pitching for Naperville Battlekings : RHP William Peck
|
Batting: RHB Zach Lewis
|
0-0: Ball 1-0: Ball 2-0: Ball 3-0: Base on Balls
|
Batting: RHB José Herrera
|
0-0: Ball 1-0: 2-RUN HOME RUN (Line Drive, 7D), Distance : 405 ft
|
Batting: RHB Don MacNeilage
|
0-0: Ground out 6-3 (Groundball, 6M)
|
Batting: RHB Jorge Torrez
|
0-0: Ball 1-0: Swinging Strike 1-1: Called Strike 1-2: SINGLE (Line Drive, 78S)
|
Batting: RHB Roberto Ríos
|
0-0: Ball 1-0: Foul Ball, location: 2F 1-1: Ball 2-1: Ball 3-1: Called Strike 3-2: Fly out, F7 (Flyball, 78M)
|
Batting: SHB Carlton Reed
|
0-0: Called Strike 0-1: Fly out, F7 (Flyball, 78M)
|
Bottom of the 2nd over - 2 run(s), 2 hit(s), 0 error(s), 1 left on base; Naperville 3 - Salt Lake City 2 |
TOP OF THE 3RD |
Naperville Battlekings batting - Pitching for Salt Lake City Buzz : LHP Carlos Barajas
|
Batting: RHB Pedro González
|
0-0: Ball 1-0: Fly out, F8 (Flyball, 8LD)
|
Batting: RHB Sal Haynes
|
0-0: Foul Ball, location: 2F 0-1: Called Strike 0-2: Ball 1-2: Ball 2-2: Foul Ball, location: 2F 2-2: Ground out 6-3 (Groundball, 6M)
|
Batting: RHB Carlos Gómez
|
0-0: SINGLE (Groundball, 56D)
|
Batting: RHB Kevin Tyler
|
0-0: Called Strike 0-1: Ball 1-1: Called Strike 1-2: Ball 2-2: Strikes out swinging
|
Top of the 3rd over - 0 run(s), 1 hit(s), 0 error(s), 1 left on base; Naperville 3 - Salt Lake City 2 |
BOTTOM OF THE 3RD |
Salt Lake City Buzz batting - Pitching for Naperville Battlekings : RHP William Peck
|
Batting: RHB Oliver Aranda
|
0-0: SINGLE (Groundball, 56)
|
Batting: RHB Miguel Vidro
|
0-0: Ball 1-0: Foul Ball, location: 2F 1-1: Called Strike 1-2: Fly out, F5 (Popup, 25F)
|
Batting: RHB Ichiyo Fujii
|
0-0: Ball 1-0: Ball 2-0: Ball 3-0: Called Strike 3-1: Foul Ball, location: 2F 3-2: Base on Balls Oliver Aranda to second
|
Batting: RHB Zach Lewis
|
0-0: Called Strike Oliver Aranda steals 3rd base Ichiyo Fujii to second 0-1: Ball 1-1: Foul Ball, location: 2F 1-2: Foul Ball, location: 2F 1-2: Foul Ball, location: 2F 1-2: Foul Ball, location: 2F 1-2: Ball 2-2: Foul Ball, location: 2F 2-2: Ball 3-2: Strikes out swinging
|
Batting: RHB José Herrera
|
0-0: Ball 1-0: Ball 2-0: Foul Ball, location: 2F 2-1: Ball 3-1: Swinging Strike 3-2: Ground out 2-3 (Groundball, 25)
|
Bottom of the 3rd over - 0 run(s), 1 hit(s), 0 error(s), 2 left on base; Naperville 3 - Salt Lake City 2 |
TOP OF THE 4TH |
Naperville Battlekings batting - Pitching for Salt Lake City Buzz : LHP Carlos Barajas
|
Batting: RHB Marcus Wade
|
0-0: Called Strike 0-1: Foul Ball, location: 2F 0-2: Ball 1-2: Fly out, F7 (Flyball, 7M)
|
Batting: RHB Tim Little
|
0-0: SINGLE (Line Drive, 7S)
|
Batting: LHB Alfonso Martínez
|
0-0: Ball 1-0: Swinging Strike 1-1: Ball 2-1: Swinging Strike 2-2: Fly out, F9 (Flyball, 9LD)
|
Batting: RHB Scott Peterson
|
0-0: Ball 1-0: Ball 2-0: Foul Ball, location: 2F 2-1: Ball 3-1: Base on Balls Tim Little to second
|
Batting: RHB Tony Sánchez
|
0-0: Ball 1-0: Ball 2-0: Foul Ball, location: 2F 2-1: SINGLE (Line Drive, 4MD) Tim Little to third Scott Peterson to second
|
Batting: RHB Pedro González
|
0-0: Ball 1-0: Swinging Strike 1-1: Ball 2-1: Swinging Strike 2-2: Ball 3-2: Foul Ball, location: 2F 3-2: Base on Balls Tim Little scores Scott Peterson to third Tony Sánchez to second
|
Batting: RHB Sal Haynes
|
0-0: Fly out, F3 (Popup, 3SF)
|
Top of the 4th over - 1 run(s), 2 hit(s), 0 error(s), 3 left on base; Naperville 4 - Salt Lake City 2 |
BOTTOM OF THE 4TH |
Salt Lake City Buzz batting - Pitching for Naperville Battlekings : RHP William Peck
|
Batting: RHB Don MacNeilage
|
0-0: Fly out, F7 (Flyball, 7M)
|
Batting: RHB Jorge Torrez
|
0-0: Ground out 5-3 (Groundball, 56)
|
Batting: RHB Roberto Ríos
|
0-0: DOUBLE (Line Drive, 9LS)
|
Batting: SHB Carlton Reed
|
0-0: Called Strike 0-1: Fly out, F4 (Line Drive, 4)
|
Bottom of the 4th over - 0 run(s), 1 hit(s), 0 error(s), 1 left on base; Naperville 4 - Salt Lake City 2 |
TOP OF THE 5TH |
Naperville Battlekings batting - Pitching for Salt Lake City Buzz : LHP Carlos Barajas
|
Batting: RHB Carlos Gómez
|
0-0: Called Strike 0-1: Called Strike 0-2: Ball 1-2: Ball 2-2: Hit by Pitch
|
Batting: RHB Kevin Tyler
|
0-0: Ball 1-0: Bunt missed! 1-1: Ball 2-1: Ball 3-1: Ball Carlos Gómez to second
|
Batting: RHB Marcus Wade
|
0-0: Bunt missed! 0-1: Ball 1-1: Ball 2-1: Bunted foul 2-2: Grounds into double play, U4-3 (Groundball, 4M) Carlos Gómez to third
|
Batting: RHB Tim Little
|
0-0: Ball 1-0: Ball 2-0: Called Strike 2-1: Called Strike 2-2: Foul Ball, location: 2F 2-2: Ball 3-2: Foul Ball, location: 2F 3-2: Foul Ball, location: 2F 3-2: Foul Ball, location: 2F 3-2: Base on Balls
|
Batting: LHB Alfonso Martínez
|
0-0: Swinging Strike 0-1: Foul Ball, location: 2F 0-2: Ball 1-2: Foul Ball, location: 2F 1-2: Strikes out looking
|
Top of the 5th over - 0 run(s), 0 hit(s), 0 error(s), 2 left on base; Naperville 4 - Salt Lake City 2 |
BOTTOM OF THE 5TH |
Salt Lake City Buzz batting - Pitching for Naperville Battlekings : RHP William Peck
|
Batting: RHB Oliver Aranda
|
0-0: Called Strike 0-1: Called Strike 0-2: Strikes out looking
|
Batting: RHB Miguel Vidro
|
0-0: Called Strike 0-1: SINGLE (Groundball, 34D)
|
Batting: RHB Ichiyo Fujii
|
0-0: SINGLE (Line Drive, 8RS) Miguel Vidro to second
|
Batting: RHB Zach Lewis
|
0-0: Fielders Choice at 2nd, 5-4 (Groundball, 56) Miguel Vidro to third
|
Batting: RHB José Herrera
|
0-0: Swinging Strike 0-1: Ball 1-1: Called Strike 1-2: Fielders Choice at 2nd, U6 (Groundball, 6M)
|
Bottom of the 5th over - 0 run(s), 2 hit(s), 0 error(s), 2 left on base; Naperville 4 - Salt Lake City 2 |
TOP OF THE 6TH |
Naperville Battlekings batting - Pitching for Salt Lake City Buzz : LHP Carlos Barajas
|
Batting: RHB Scott Peterson
|
0-0: Called Strike 0-1: Ball 1-1: Ball 2-1: Ball 3-1: Fly out, F8 (Flyball, 8RM)
|
Batting: RHB Tony Sánchez
|
0-0: Ball 1-0: Called Strike 1-1: Swinging Strike 1-2: Strikes out swinging
|
Batting: RHB Pedro González
|
0-0: Called Strike 0-1: Ball 1-1: Ground out 1-3 (Groundball, 15)
|
Top of the 6th over - 0 run(s), 0 hit(s), 0 error(s), 0 left on base; Naperville 4 - Salt Lake City 2 |
BOTTOM OF THE 6TH |
Salt Lake City Buzz batting - Pitching for Naperville Battlekings : RHP William Peck
|
Batting: RHB Don MacNeilage
|
0-0: Ball 1-0: Swinging Strike 1-1: Ball 2-1: Ball 3-1: Called Strike 3-2: Foul Ball, location: 2F 3-2: Strikes out swinging
|
Batting: RHB Jorge Torrez
|
0-0: Ball 1-0: Called Strike 1-1: Called Strike 1-2: Ball 2-2: Foul Ball, location: 2F 2-2: Foul Ball, location: 2F 2-2: Fly out, F9 (Flyball, 9M)
|
Batting: RHB Roberto Ríos
|
0-0: Fly out, F8 (Flyball, 8RM)
|
Bottom of the 6th over - 0 run(s), 0 hit(s), 0 error(s), 0 left on base; Naperville 4 - Salt Lake City 2 |
TOP OF THE 7TH |
Naperville Battlekings batting - Pitching for Salt Lake City Buzz : LHP Carlos Barajas
|
Batting: RHB Sal Haynes
|
0-0: Called Strike 0-1: Ball 1-1: Swinging Strike 1-2: Ball 2-2: Foul Ball, location: 2F 2-2: Foul Ball, location: 2F 2-2: Ground out 6-3 (Groundball, 6M)
|
Pitching: RHP John Dufour
|
|
Batting: RHB Carlos Gómez
|
0-0: Ball 1-0: Ground out 5-3 (Groundball, 56S)
|
Batting: RHB Kevin Tyler
|
0-0: Called Strike 0-1: Ground out 6-3 (Groundball, 6)
|
Top of the 7th over - 0 run(s), 0 hit(s), 0 error(s), 0 left on base; Naperville 4 - Salt Lake City 2 |
BOTTOM OF THE 7TH |
Salt Lake City Buzz batting - Pitching for Naperville Battlekings : RHP William Peck
|
Batting: SHB Carlton Reed
|
0-0: Ball 1-0: Fly out, F4 (Popup, 8LS)
|
Batting: RHB Oliver Aranda
|
0-0: Foul Ball, location: 2F 0-1: Ground out 6-3 (Groundball, 56)
|
Batting: RHB Miguel Vidro
|
0-0: Called Strike 0-1: Ball 1-1: Foul Ball, location: 2F 1-2: Ball 2-2: SINGLE (Groundball, 3D)
|
Batting: RHB Ichiyo Fujii
|
0-0: Called Strike 0-1: Ball 1-1: Ball 2-1: Foul Ball, location: 2F 2-2: Foul Ball, location: 2F 2-2: Fly out, F9 (Flyball, 89M)
|
Bottom of the 7th over - 0 run(s), 1 hit(s), 0 error(s), 1 left on base; Naperville 4 - Salt Lake City 2 |
TOP OF THE 8TH |
Naperville Battlekings batting - Pitching for Salt Lake City Buzz : RHP John Dufour
|
Batting: RHB Marcus Wade
|
0-0: Foul Ball, location: 2F 0-1: Ball 1-1: Called Strike 1-2: Foul Ball, location: 2F 1-2: Ball 2-2: Fly out, F9 (Flyball, 9S)
|
Batting: RHB Tim Little
|
0-0: Called Strike 0-1: Ground out 6-3 (Groundball, 6)
|
Batting: LHB Alfonso Martínez
|
0-0: Ball 1-0: Ball 2-0: Ball 3-0: Base on Balls
|
Batting: RHB Scott Peterson
|
0-0: Ball 1-0: Ball 2-0: Ball Wild Pitch! Alfonso Martínez to second 3-0: Called Strike 3-1: Called Strike 3-2: SINGLE (Groundball, 34D) Alfonso Martínez to third Alfonso Martínez scores
|
Batting: RHB Tony Sánchez
|
0-0: Called Strike 0-1: Ball 1-1: SINGLE (Line Drive, 9LS) Scott Peterson to second Throwing error, E9 Scott Peterson scores Tony Sánchez to second
|
Batting: RHB Pedro González
|
0-0: Ball 1-0: Ball 2-0: Foul Ball, location: 2F 2-1: Ground out 6-3 (Groundball, 6M)
|
Top of the 8th over - 2 run(s), 2 hit(s), 1 error(s), 1 left on base; Naperville 6 - Salt Lake City 2 |
BOTTOM OF THE 8TH |
Salt Lake City Buzz batting - Pitching for Naperville Battlekings : RHP William Peck
|
Batting: RHB Zach Lewis
|
0-0: Called Strike 0-1: Fly out, F7 (Flyball, 78M)
|
Batting: RHB José Herrera
|
0-0: Ball 1-0: Ball 2-0: Ground out 6-3 (Groundball, 6)
|
Batting: RHB Don MacNeilage
|
0-0: SINGLE (Line Drive, 89S)
|
Pitching: RHP Colt Harris
|
|
Batting: RHB Jorge Torrez
|
0-0: Fly out, F8 (Flyball, 89M)
|
Bottom of the 8th over - 0 run(s), 1 hit(s), 0 error(s), 1 left on base; Naperville 6 - Salt Lake City 2 |
TOP OF THE 9TH |
Naperville Battlekings batting - Pitching for Salt Lake City Buzz : RHP John Dufour
|
Batting: RHB Sal Haynes
|
0-0: Fly out, F8 (Flyball, 8LXD)
|
Batting: RHB Carlos Gómez
|
0-0: Called Strike 0-1: Ball 1-1: Swinging Strike 1-2: Ball 2-2: Ball 3-2: Foul Ball, location: 2F 3-2: Strikes out swinging
|
Batting: RHB Kevin Tyler
|
0-0: Called Strike 0-1: Ball 1-1: Fly out, F9 (Flyball, 9M)
|
Top of the 9th over - 0 run(s), 0 hit(s), 0 error(s), 0 left on base; Naperville 6 - Salt Lake City 2 |
BOTTOM OF THE 9TH |
Salt Lake City Buzz batting - Pitching for Naperville Battlekings : RHP Colt Harris
|
Batting: RHB Roberto Ríos
|
0-0: Ball 1-0: SINGLE (Line Drive, 56D)
|
Batting: SHB Carlton Reed
|
0-0: Ball 1-0: SINGLE (Line Drive, 6MD) Roberto Ríos to second
|
Pitching: RHP Ramón Elizondo
|
|
Batting: RHB Oliver Aranda
|
0-0: Called Strike 0-1: Ball 1-1: Ball 2-1: Called Strike 2-2: Fly out, F5 (Line Drive, 5L)
|
Batting: RHB Miguel Vidro
|
0-0: Ball Wild Pitch! Roberto Ríos to third Carlton Reed to second 1-0: Fly out, F5 (Popup, 5F)
|
Batting: RHB Ichiyo Fujii
|
0-0: Ball 1-0: Swinging Strike 1-1: Ball 2-1: Foul Ball, location: 2F 2-2: Foul Ball, location: 2F 2-2: Ball 3-2: SINGLE (Line Drive, 6MD) Roberto Ríos scores Carlton Reed to third Carlton Reed scores
|
Pinch Hitting: LHB Fernando González
|
0-0: Ball 1-0: Called Strike 1-1: Ball 2-1: Fielders Choice at 2nd, 6-4 (Groundball, 6)
|
Bottom of the 9th over - 2 run(s), 3 hit(s), 0 error(s), 0 left on base; Naperville 6 - Salt Lake City 4 |
|